 Dungeon Crawl Stone Soup version 0.31-a0-222-gefeffbb62a (webtiles) character file.

Game seed: 10186097741894214470

40 protoss039 the Digger (level 3, 0/26 HPs)
             Began as a Demonspawn Earth Elementalist on July 5, 2023.
             Slain by an orc
             ... wielding a +0 whip
              (5 damage)
             ... on level 3 of the Dungeon.
             The game lasted 00:02:00 (1576 turns).

protoss039 the Digger (DsEE)                        Turns: 1576, Time: 00:02:01

Health: 0/26       AC:  4    Str: 11    XL:     3   Next: 30%
Magic:  5/6        EV: 13    Int: 18    God:
Gold:   40         SH:  0    Dex: 13    Spells: 1/7 levels left

rFire   . . .        o - +0 dagger
rCold   . . .        (no shield)
rNeg    . . .        n - +0 leather armour
rPois   .            (no helmet)
rElec   .            (no cloak)
rCorr   .            k - +0 pair of gloves {Str+3}
SInv    .            (no boots)
Will    .....        (no amulet)
Stlth   ++           (no ring)
HPRegen 0.24/turn    (no ring)
MPRegen 0.10/turn

%: no passive effects
@: no status effects
A: repulsion field 1
a: no special abilities


You were on level 3 of the Dungeon.
You visited 1 branch of the dungeon, and saw 3 of its levels.

You collected 40 gold pieces.

Inventory:

Hand Weapons
 o - a +0 dagger (weapon)
Armour
 k - a +0 pair of gloves of strength (worn)
 n - a +0 leather armour (worn)
Scrolls
 a - a scroll of poison {unknown}
 c - a scroll of teleportation {unknown}
 e - a scroll of fog {unknown}
 f - a scroll of vulnerability {unknown}
 h - a scroll of immolation {unknown}
 i - 2 scrolls of amnesia {unknown}
Potions
 d - 2 potions of berserk rage {unknown}
 g - a potion of heal wounds {unknown}
 j - a potion of degeneration {unknown}
 l - 2 potions of mutation {unknown}
 m - a potion of curing {unknown}


   Skills:
 + Level 1.5 Fighting
 + Level 0.2 Armour
 - Level 1.7 Dodging
 - Level 1.7 Stealth
 + Level 2.5 Spellcasting
 + Level 0.2 Conjurations
 - Level 0.8 Transmutations
 + Level 3.1 Earth Magic


You had one spell level left.
You knew the following spells:

 Your Spells              Type           Power      Damage    Failure   Level
a - Sandblast             Erth           26%        2d8       6%          1
b - Passwall              Tmut/Erth      7%         N/A       16%         2
c - Stone Arrow           Conj/Erth      16%        3d8       34%         3

Your spell library contained the following spells:

 Spells                   Type           Power      Damage    Failure   Level
 Petrify                  Tmut/Erth      9%         N/A       69%         4


Dungeon Overview and Level Annotations

Branches:
Dungeon (2/15) Zot: 16399

Altars:


Innate Abilities, Weirdness & Mutations

You are surrounded by a mild repulsion field. (EV +2)


Message History

The orc wizard barely misses you. The orc closely misses you.
Unknown command.
You hit the orc.
The orc is severely wounded.
The orc wizard hits you but does no damage.
The orc barely misses you.
Unknown command.
You hit the orc but do no damage.
The orc is severely wounded.
The orc hits you with a +0 mace.
The orc wizard points at you and mumbles some strange words.
The puff of flame hits you!
* * * LOW HITPOINT WARNING * * *
The orc barely misses you.
Unknown command.
The orc attacks as you move away! The orc hits you with a +0 mace.
* * * LOW HITPOINT WARNING * * *
Unknown command.
Casting: Sandblast (safe; 6% risk of failure)
Confirm with . or Enter, or press ? or * to list all spells.
Aiming: Sandblast (safe; 6% risk of failure)
Press: ? - help, Shift-Dir - straight line, f/p - orc
Aim: an orc, wielding a +0 whip and wearing a +0 chain mail (severely wounded, 87% to hit)
The blast of sand hits the orc!
You kill the orc!
Unknown command.
Magic courses through your body.
The orc wizard mumbles some strange words.
The orc wizard flickers and vanishes!
Deactivating autopickup; reactivate with Ctrl-A.
The orc hits you but does no damage.
Casting: Sandblast (safe; 6% risk of failure)
Confirm with . or Enter, or press ? or * to list all spells.
Aiming: Sandblast (safe; 6% risk of failure)
Press: ? - help, Shift-Dir - straight line, f/p - orc
Aim: an orc, wielding a +0 whip and wearing a +0 chain mail (severely wounded, 87% to hit)
The blast of sand hits the orc but does no damage.
The orc is severely wounded.
The orc closely misses you. The orc hits you with a +0 whip.
You die...

†....# #.....###
.....#####.......#
...........###...#.....#
.............#...#.....#
.............#...#.....#
#####........#...#.....#
#........#...#.....#
######.###...#....#
#.###..@#....#
#...'..o)....#
#####........#
####.....# #.##### #.#
..# ###


You could see an orc.

Vanquished Creatures
  A worm (D:3)
  A dart slug (D:1)
  An orc (D:3)
  3 ball pythons (D:1)
  3 bats
  4 endoplasms
  4 goblins
  4 hobgoblins
  4 jackals (D:1)
  A quokka (D:1)
  A frilled lizard (D:1)
27 creatures vanquished.

Notes
Turn   | Place    | Note
-------+----------+-------------------------------------------
     0 | D:1      | protoss039 the Demonspawn Earth Elementalist began the
                  | quest for the Orb.
     0 | D:1      | Reached XP level 1. HP: 13/13 MP: 3/3
    93 | D:1      | Found a faded altar of an unknown god.
   256 | D:1      | Gained mutation: You are surrounded by a mild repulsion
                  | field. (EV +2) [demonic ancestry]
   256 | D:1      | Reached XP level 2. HP: 15/20 MP: 0/5
   375 | D:1      | Reached skill level 1 in Fighting
   541 | D:1      | Reached skill level 3 in Earth Magic
   994 | D:1      | Reached XP level 3. HP: 24/26 MP: 1/6
  1297 | D:2      | Learned a level 2 spell: Passwall
  1301 | D:2      | Learned a level 3 spell: Stone Arrow
  1472 | D:2      | You fall into a shaft and drop 1 floor!
  1576 | D:3      | Slain by an orc

Illustrated notes

Levels and vault maps discovered:
D:1:      dpeg_arrival_round_a, layout_basic, chequers_ecumenical_altar_twisty,
          serial_forest, infiniplex_forest_zigzag_2,
          infiniplex_forest_clump_tiny, infiniplex_forest_join,
          infiniplex_forest_side_room, infiniplex_forest_clump_C,
          infiniplex_forest_clump_C, infiniplex_forest_lined_room_2,
          minmay_tetromino_i2
D:2:      minmay_chambers_of_twos, layout_loops_ring, basic_altar
D:3:      layout_basic, lemuel_round_altar, skrybe_limestone_x,
          nicolae_grassy_gnolls

Skill      XL: |  1  2 |
---------------+-------+-----
Fighting       | 1 |  1.5
Earth Magic    | 3 |  3.1
Armour         | |  0.2
Dodging        | |  1.7
Stealth        | |  1.7
Spellcasting   | |  2.5
Conjurations   | |  0.2
Transmutations | |  0.8

Action                     || total
---------------------------++-------
  Melee: Unarmed           ||    14
         Dagger            ||     5
   Cast: Sandblast         ||    50
    Use: Potion            ||     1
 Armour: Robe              ||     5
         Leather armour    ||     7
  Dodge: Dodged            ||    39

Table legend: (Time is in decaauts)
 A = Elapsed time spent in this place.
 B = Non-inter-level travel time spent in this place.
 C = Inter-level travel time spent in this place.
 D = Time resting spent in this place.
 E = Time spent auto-exploring this place.
 F = Levels seen in this place.
 G = Mean time per level.
                   A        B        C        D        E       F      G
               +--------+--------+--------+--------+--------+-----+--------+
         Total |   1599 |   1555 |     44 |     27 |   1305 |   3 |  533.0 |
       Dungeon |   1599 |   1555 |     44 |     27 |   1305 |   3 |  533.0 |
               +--------+--------+--------+--------+--------+-----+--------+

Top non-repeatable levels by time:
     D:1: 1307 daAuts
     D:2: 182 daAuts
     D:3: 110 daAuts
